 Dungeon Crawl Stone Soup version 0.18.1-50-g88ac8fd (webtiles) character file.

65 magipi the Cudgeler (level 4, 0/45 HPs)
             Began as an Ogre Hunter on Apr 8, 2017.
             Slain by Natasha (4 damage)
             ... on level 2 of the Dungeon.
             The game lasted 00:04:39 (1070 turns).

magipi the Cudgeler (Ogre Hunter)                   Turns: 1070, Time: 00:04:40

Health: 0/45       AC:  3    Str: 14 (17) XL:     4   Next: 13%
Magic:  4/4        EV: 10    Int:  7 (10) God:
Gold:   43         SH:  0    Dex:  9 (11) Spells: 0 memorised, 3 levels left

rFire  . . .     SeeInvis .     a - +0 mace
rCold  . . .     Gourm    .     b - +0 robe
rNeg   . . .     Faith    .     (no shield)
rPois  .         Spirit   .     (helmet restricted)
rElec  .         Dismiss  .     (no cloak)
rCorr  .         Reflect  .     (gloves unavailable)
SustAt .         Harm     .     (boots unavailable)
MR     .....                    (no amulet)
Stlth  +.........               (no ring)
                                (no ring)

@: not resistant to hostile enchantments, very unstealthy
A: unfitting armour, tough skin 1
a: no special abilities


You were on level 2 of the Dungeon.
You were not hungry.

You visited 1 branch of the dungeon, and saw 2 of its levels.

You collected 43 gold pieces.

Notes
Turn   | Place    | Note
--------------------------------------------------------------
     0 | D:1      | magipi the Ogre Hunter began the quest for the Orb.
     0 | D:1      | Reached XP level 1. HP: 22/22 MP: 1/1
   122 | D:1      | Reached skill level 1 in Maces & Flails
   122 | D:1      | Reached XP level 2. HP: 31/31 MP: 2/2
   411 | D:1      | Reached XP level 3. HP: 36/37 MP: 3/3
   852 | D:2      | Found a faded altar to an unknown god.
   852 | D:2      | Noticed Natasha
  1035 | D:2      | Killed Natasha
  1035 | D:2      | Reached XP level 4. HP: 38/45 MP: 4/4
  1056 | D:2      | Noticed Natasha
  1070 | D:2      | Slain by Natasha

Inventory:

Hand Weapons
 a - a +0 mace (weapon)
Missiles
 d - a throwing net (quivered)
 l - 3 tomahawks
Armour
 b - a +0 robe (worn)
Scrolls
 g - 3 scrolls of identify {unknown}
 i - 2 scrolls of teleportation {unknown}
 n - a scroll of blinking {unknown}
 o - a scroll of remove curse {unknown}
Potions
 e - a potion of cancellation {unknown}
 h - a potion of haste {unknown}
 j - a potion of degeneration
 k - 2 potions of curing {unknown}
 p - 2 potions of lignification {unknown}
Comestibles
 f - 2 bread rations
 m - 4 chunks of flesh


   Skills:
 - Level 3.1 Fighting
 + Level 4.2 Maces & Flails
 - Level 4.1 Throwing
 - Level 1.7 Dodging
 - Level 0.7 Stealth


You had 3 spell levels left.
You didn't know any spells.

Dungeon Overview and Level Annotations

Branches:
Dungeon (2/15)

Altars:

Annotations:
D:2 Natasha


Innate Abilities, Weirdness & Mutations

You are too large for most types of armour.
You have tough skin (AC +1).

Vault maps used:
D:1:      scummos_arrival_hexagon, minivault_4
D:2:      ecumenical_altar_1, first_bread, serial_curves, eino_curves_02,
          eino_curves_04, eino_curves_01, eino_curves_04, uniq_iyjb,
          uniq_natasha


Message History

Unknown command.
Throwing (i - inventory. (,) - cycle):
c - a large rock (quivered)
Press: ? - help, Shift-Dir - straight line, f/p - Natasha
Aim: Natasha (almost dead)
You throw a large rock. The large rock barely misses Natasha.
The shadow imp hits you. Natasha casts a spell at you.
You feel yourself slow down.
Natasha growls.
Natasha closely misses you. The shadow imp closely misses you.
You barely miss Natasha.
Natasha is almost dead.
The shadow imp closely misses you. Natasha claws you.
The shadow imp barely misses you. Natasha closely misses you.
You hit Natasha.
You kill Natasha!
Natasha growls in agony!
Your Maces & Flails skill increases to level 4!
You have reached level 4!
The shadow imp disappears in a puff of smoke!
You are feeling hungry.
You see here the felid corpse of Natasha.
You butcher the felid corpse of Natasha.
m - 5 chunks of flesh (gained 2)
You see here the felid skeleton of Natasha.
Eat one of 5 chunks of flesh? (ye/n/q/i?) This raw flesh tastes terrible.
You continue eating. x2
c - a large rock
c - 2 large rocks (gained 1)
You feel yourself speed up.
c - 4 large rocks (gained 2) Natasha, Servant of Life and Death comes into view.
Throwing (i - inventory. (,) - cycle):
c - 4 large rocks (quivered)
Press: ? - help, Shift-Dir - straight line, f - Natasha
Aim: Natasha (hasn't noticed you)
You throw a large rock. The large rock closely misses Natasha.
Natasha hisses angrily.
Natasha wildly gestures.
Natasha shimmers violently.
Natasha casts a spell at you. The magic dart hits you!
A gnoll comes into view. It is wielding a club.
Throwing (i - inventory. (,) - cycle):
c - 3 large rocks (quivered)
Press: ? - help, Shift-Dir - straight line, f/p - Natasha
Aim: Natasha You throw a large rock.
The large rock closely misses Natasha.
The gnoll shouts!
Throwing (i - inventory. (,) - cycle):
c - 2 large rocks (quivered)
Press: ? - help, Shift-Dir - straight line, f/p - Natasha
Aim: Natasha You throw a large rock.
The large rock closely misses Natasha.
The large rock barely misses the gnoll.
Natasha claws you.
You miss Natasha. Natasha misses you.
You barely miss Natasha.
Natasha stares at you and mumbles some strange words.
You resist with some effort.
You closely miss Natasha. Natasha closely misses you.
The gnoll barely misses you.
You barely miss Natasha. Natasha barely misses you.
The gnoll hits you with a club.
You closely miss Natasha.
Natasha wildly gestures.
Natasha shimmers violently.
Natasha claws you. The gnoll barely misses you.
Natasha claws you but does no damage.
You hit Natasha.
Natasha is lightly wounded.
The gnoll closely misses you.
Natasha stares at you and mumbles some strange words.
The magic dart hits you!
You hit Natasha.
Natasha is heavily wounded.
The gnoll hits you with a club! Natasha claws you.
* * * LOW HITPOINT WARNING * * *
Throwing (i - inventory. (,) - cycle):
c - a large rock (quivered)
Press: ? - help, Shift-Dir - straight line, f - gnoll, p - Natasha
Aim: a gnoll, wielding a club You throw a large rock.
The large rock barely misses the gnoll.
The gnoll hits you but does no damage. Natasha barely misses you.
The gnoll barely misses you. Natasha completely misses you.
Unknown command.
Throwing (i - inventory. (,) - cycle):
d - 2 throwing nets (quivered)
Press: ? - help, Shift-Dir - straight line, f/p - gnoll
Aim: a gnoll, wielding a club You throw a throwing net.
The throwing net hits the gnoll.
The gnoll is caught in the net!
The gnoll struggles against the net.
Natasha barely misses you.
A gnoll comes into view. It is wielding an enchanted spear.
You closely miss Natasha.
Natasha is heavily wounded.
The gnoll struggles against the net.
Natasha claws you!
* * * LOW HITPOINT WARNING * * *
A gnoll comes into view. It is wielding a whip.
Drink which item? (? for menu, Esc to quit)
It was a potion of degeneration.
There was something very wrong with that liquid.
You feel weakened.
You feel dopey.
You feel clumsy.
The gnoll struggles against the net.
Natasha claws you.
You die...

.. ...# .. # .. ...#.#...# #. .#
..#...... #.. ......#...# #
#...#.#.#.#...# .# .. #..
.............###.##....
#...###..#.#.#.#.#...........
#...#....gh@................
#...#...g.g.................
######...#(..#(###.....## .....#
#.#.###..(##[#.# #.....# .....#
.............#.###.....####...[..
#...###..>...............รท.......
....(............................
....###.####.#.....#.######......
#...# #......#.....#.# ...>##


You could see Natasha and 3 gnolls.

Vanquished Creatures
  Natasha (D:2)
  An adder (D:1)
  An ooze (D:2)
  A dart slug (D:1)
  A giant gecko (D:1)
  2 giant cockroaches
  3 goblins (D:1)
  2 hobgoblins
  3 jackals (D:1)
  5 kobolds (D:1)
  2 rats (D:2)
22 creatures vanquished.

Action                   |  1- 3 |  4- 6 || total
-------------------------+-------+-------++-------
Melee: Short sword       |    18 |       ||    18
       Mace              |    55 |     8 ||    63
Throw: Large rock        |     6 |     4 ||    10
       Throwing net      |       |     1 ||     1
  Use: Potion            |       |     1 ||     1
 Stab: Sleeping          |     1 |       ||     1
  Eat: Chunk             |       |     1 ||     1
Armor: Robe              |    18 |     1 ||    19
Dodge: Dodged            |    50 |    10 ||    60

Action                   |  1- 3 |  4- 6 || total
-------------------------+-------+-------++-------
Melee: Short sword       |    18 |       ||    18
       Mace              |    55 |     8 ||    63
Throw: Large rock        |     6 |     4 ||    10
       Throwing net      |       |     1 ||     1
  Use: Potion            |       |     1 ||     1
 Stab: Sleeping          |     1 |       ||     1
  Eat: Chunk             |       |     1 ||     1
Armor: Robe              |    18 |     1 ||    19
Dodge: Dodged            |    50 |    10 ||    60
